 Dungeon Crawl Stone Soup version 0.29-a0-322-g68df515428 (webtiles) character file.

Game seed: 16749546394857453449

16 Hubjo the Skirmisher (level 2, 0/24 HPs)
             Began as a Demonspawn Monk on Apr 5, 2022.
             Slain by a hobgoblin (3 damage)
             ... on level 2 of the Dungeon.
             The game lasted 00:00:35 (1102 turns).

Hubjo the Skirmisher (Demonspawn Monk)              Turns: 1102, Time: 00:00:35

Health: 0/24       AC:  2    Str: 11    XL:     2   Next: 37%
Magic:  2/2        EV: 12    Int: 11    God:
Gold:   0          SH:  0    Dex: 15    Spells: 2/2 levels left

rFire   . . .      SeeInvis .   a - +0 short sword
rCold   . . .      Faith    .   (no shield)
rNeg    . . .      Spirit   .   b - +0 robe
rPois   .          Reflect  .   (no helmet)
rElec   .          Harm     .   (no cloak)
rCorr   .          Rampage  .   (no gloves)
Will    .....                   (no boots)
Stlth   ++........              (no amulet)
HPRegen 0.08/turn               (no ring)
MPRegen 0.08/turn               (no ring)

@: lethally poisoned (0 -> -24)
A: demonic magic 1
a: no special abilities


You were on level 2 of the Dungeon.
You visited 1 branch of the dungeon, and saw 2 of its levels.

Inventory:

Hand Weapons
 a - a +0 short sword (weapon)
Armour
 b - a +0 robe (worn)
Scrolls
 d - 4 scrolls of identify {unknown}
 f - a scroll of summoning {unknown}
Potions
 c - a potion of ambrosia
 e - a potion of haste {unknown}


   Skills:
 * Level 3.3 Fighting
 - Level 2.6 Short Blades
 - Level 2.6 Dodging
 * Level 2.3 Stealth
 + Level 0.5 Spellcasting


You had 2 spell levels left.
You didn't know any spells.
Your spell library was empty.

Dungeon Overview and Level Annotations

Branches:
Dungeon (2/15)

Altars:


Innate Abilities, Weirdness & Mutations

Spells you cast may paralyse adjacent enemies.


Message History

Done exploring.
No target in view!
No target in view!
No target in view!
No target in view!
No target in view!
No target in view!
No target in view!
No target in view!
No target in view!
No target in view!
No target in view!
Done exploring.
No target in view!
Done exploring.
Done exploring.
Done exploring.
Done exploring.
Done exploring.
Done exploring.
There is an escape hatch in the floor here.
You slide downwards.
The hatch slams shut behind you.
The goblin shouts! x2; The kobold shouts!
The hobgoblin shouts!
The goblin shouts! x2
Found 11 gold pieces.
The goblin shoots a sling bullet.
The sling bullet hits you. The goblin closely misses you.
The goblin hits you with a +2 dagger of venom.
You are poisoned.
You feel very sick.
The goblin hits you with a +2 dagger of venom.
You are lethally poisoned!
The goblin shoots a sling bullet.
The sling bullet hits you.
The goblin hits you with a +2 dagger of venom.
You are more poisoned.
* * * LOW HITPOINT WARNING * * *
You feel very sick. The kobold barely misses you.
The goblin completely misses you. The hobgoblin attacks as you move away!
The hobgoblin hits you.
You die...

..
#.#######
#....≈≈≈#
#.....≈≈#
#.....≈≈#
#.$...≈g+
#gKg..≈≈#
#.@g...≈#
#..g.≈≈≈#
#.#######
#. #. ##


You could see a hobgoblin, 4 goblins and a kobold.

Vanquished Creatures
  A dart slug (D:1)
  5 ball pythons (D:1)
  A bat (D:1)
  A giant cockroach (D:1)
  A goblin (D:1)
  A quokka (D:1)
  2 frilled lizards (D:1)
  A kobold (D:1)
  A rat (D:1)
14 creatures vanquished.

Notes
Turn   | Place    | Note
-------+----------+-------------------------------------------
     0 | D:1      | Hubjo the Demonspawn Monk began the quest for the Orb.
     0 | D:1      | Reached XP level 1. HP: 18/18 MP: 1/1
   270 | D:1      | Gained mutation: Spells you cast may paralyse adjacent
                  | enemies. [demonic ancestry]
   270 | D:1      | Reached XP level 2. HP: 21/24 MP: 2/2
  1102 | D:2      | Slain by a hobgoblin

Illustrated notes

Levels and vault maps discovered:
D:1:      eino_arrival_water_star, layout_basic
D:2:      layout_loops_ring, shapermc_ecumenical_altar_mp_urbaneastern,
          minmay_goblin_outpost

Skill      XL: |  1 |
---------------+----+-----
Stealth        | 2 |  2.3
Fighting       | |  3.3
Short Blades   | |  2.6
Dodging        | |  2.6
Spellcasting   | |  0.5

Action                   || total
-------------------------++-------
Melee: Short sword       ||    42
 Stab: Sleeping          ||     3
Armor: Robe              ||     6
Dodge: Dodged            ||    30

Table legend: (Time is in decaauts)
 A = Elapsed time spent in this place.
 B = Non-inter-level travel time spent in this place.
 C = Inter-level travel time spent in this place.
 D = Time resting spent in this place.
 E = Time spent auto-exploring this place.
 F = Levels seen in this place.
 G = Mean time per level.
                   A        B        C        D        E       F      G
               +--------+--------+--------+--------+--------+-----+--------+
         Total |   1102 |   1091 |     11 |      0 |    973 |   2 |  551.0 |
       Dungeon |   1102 |   1091 |     11 |      0 |    973 |   2 |  551.0 |
               +--------+--------+--------+--------+--------+-----+--------+

Top non-repeatable levels by time:
     D:1: 1098 daAuts
     D:2: 3 daAuts
